 Dungeon Crawl Stone Soup version 0.31-a0-229-g1fc7ce93e2 (webtiles) character file.

Game seed: 306332345784357996

3371 spardeous the Nimble (level 9, -1/40 HPs)
             Began as a Felid Earth Elementalist on July 7, 2023.
             Was an Initiate of Gozag.
             Slain by a hornet (5 damage)
             ... while paralysed by a hornet
             ... on level 8 of the Dungeon.
             The game lasted 00:26:16 (12234 turns).

spardeous the Nimble (Felid Earth Elementalist)    Turns: 12234, Time: 00:26:17

Health: -1/40      AC:  2    Str:  4    XL:     9   Next: 73%
Magic:  7/20       EV:  4    Int: 20    God:    Gozag
Gold:   1587       SH:  0    Dex: 17    Spells: 14/22 levels left
                                        Lives:  0   Deaths: 2

rFire   . . .        (weapon unavailable)
rCold   . . .        (shield unavailable)
rNeg    . . .        (body armour unavailable)
rPois   .            (helmet unavailable)
rElec   .            (cloak unavailable)
rCorr   .            (gloves unavailable)
SInv    +            (boots unavailable)
Will    +....        e - amulet of regeneration
Stlth   ++           (no ring)
HPRegen 1.06/turn    (no ring)
MPRegen 0.17/turn

%: no passive effects
@: paralysed, slowed, studying Fighting, quick
A: very small, claws 1, fangs 3, see invisible, speed 1, shaggy fur 2, stealthy
paws, no weapons or thrown items, no armour, multi-lived
a: Renounce Religion, Potion Petition, Call Merchant, Bribe Branch


You were on level 8 of the Dungeon.
You worshipped Gozag.
Gozag was most pleased with you.
You visited 2 branches of the dungeon, and saw 9 of its levels.
You also visited: Sewer and Bailey.

You collected 1705 gold pieces.
You paid 118 gold pieces to Gozag.

Inventory:

Jewellery
 e - an amulet of regeneration (around neck)
 E - an amulet of the acrobat
Wands
 w - a wand of flame (12)
 y - a wand of iceblast (1)
 D - a wand of light (7)
 F - a wand of digging (5)
Scrolls
 f - a scroll of fear
 g - 3 scrolls of enchant armour {unknown}
 h - 5 scrolls of teleportation {unknown}
 i - a scroll of amnesia {unknown}
 j - 5 scrolls of enchant weapon
 k - a scroll of poison {unknown}
 o - a scroll of fog {unknown}
 p - 2 scrolls of blinking {unknown}
 q - 2 scrolls of butterflies {unknown}
 r - a scroll of brand weapon {unknown}
 s - 2 scrolls of revelation {unknown}
 t - a scroll of noise
 u - 2 scrolls of torment {unknown}
 A - a scroll of silence {unknown}
 C - a scroll of immolation {unknown}
Potions
 a - a potion of magic
 b - 18 potions of degeneration
 c - 2 potions of heal wounds {unknown}
 d - 2 potions of curing
 l - 7 potions of enlightenment
 n - 2 potions of lignification
 v - a potion of berserk rage {unknown}
 x - a potion of haste
 z - a potion of might
 G - a potion of invisibility {unknown}
Miscellaneous
 m - a lightning rod (4/4)
 B - a tin of tremorstones (2/2)


   Skills:
 - Level 5.3 Fighting
 - Level 10.2 Dodging
 - Level 2.6 Stealth
 + Level 7.0 Spellcasting
 + Level 5.7 Conjurations
 - Level 1.1 Transmutations
 - Level 7.5 Earth Magic


You had 14 spell levels left.
You knew the following spells:

 Your Spells              Type           Power      Damage    Failure   Level
a - Sandblast             Erth           74%        2d16      1%          1
b - Stone Arrow           Conj/Erth      66%        3d11      1%          3
c - Petrify               Tmut/Erth      24%        N/A       16%         4

Your spell library contained the following spells:

 Spells                   Type           Power      Damage    Failure   Level
 Passwall                 Tmut/Erth      20%        N/A       2%          2
 Shock                    Conj/Air       72%        1d7       3%          1
 Apportation              Tloc           14%        N/A       10%         1
 Necrotise                Necr           28%        1d5       10%         1
 Summon Small Mammal      Summ           28%        N/A       10%         1
 Call Canine Familiar     Summ           7%         N/A       28%         3
 Summon Guardian Golem    Hex/Summ       7%         N/A       28%         3
 Swiftness                Air            7%         N/A       28%         3
 Airstrike                Air            3%         2d(1-17)  67%         4


Dungeon Overview and Level Annotations

Branches:
Dungeon (8/15)             Temple (1/1) D:6           Sewer (visited)
 Bailey (visited)
   Lair: D:8-11

Altars:
Ashenzari
Cheibriados
Dithmenos
Elyvilon
Gozag
Hepliaklqana
Kikubaaqudgha
Makhleb
Nemelex Xobeh
Qazlal
Ru
Sif Muna
Trog
Uskayaw
Vehumet
Wu Jian
Xom
Zin
The Shining One

Shops:
D:3 (   D:5 :


Innate Abilities, Weirdness & Mutations

You have sharp claws.
You have razor-sharp teeth.
You have supernaturally acute eyesight. (SInv)
You cover ground quickly. (Speed+)
You are covered in thick fur. (AC +2)
Your paws help you pounce on unaware monsters.
You are incapable of wielding weapons or throwing items.
You cannot wear armour.
You gain extra lives every three experience levels.


Message History

Aiming: Sandblast (safe; 1% risk of failure)
Press: ? - help, Shift-Dir - straight line, f - kobold
Aim: a kobold, wielding a +0 short sword and quivering stones (unaware, hasn't noticed you, 80% to hit)
The blast of sand misses the kobold.
The kobold shouts! x2
A kobold comes into view. It is wielding a +0 short sword.
A kobold comes into view. It is wielding a +0 dagger.
Casting: Sandblast (safe; 1% risk of failure)
Confirm with . or Enter, or press ? or * to list all spells.
Aiming: Sandblast (safe; 1% risk of failure)
Press: ? - help, Shift-Dir - straight line, f/p - kobold
Aim: a kobold, wielding a +0 short sword and quivering stones (80% to hit)
The blast of sand hits the kobold!
You kill the kobold!
The kobold shouts!
You hear a shout!
A kobold comes into view. It is wielding a +0 short sword.
The kobold is no longer distracted by gold.
A hornet comes into view.
Casting: Sandblast (safe; 1% risk of failure)
Confirm with . or Enter, or press ? or * to list all spells.
Aiming: Sandblast (safe; 1% risk of failure)
Press: ? - help, Shift-Dir - straight line, f - kobold
Aim: a kobold, wielding a +0 short sword (80% to hit)
The blast of sand hits the kobold!
You kill the kobold!
The hornet buzzes angrily.
The kobold is distracted by your dazzling golden aura.
The kobold is no longer distracted by gold.
The hornet stings you!
You feel yourself slow down.
You feel yourself speed up. The hornet stings you!
You suddenly lose the ability to move!
The hornet stings you!
* * * LOW HITPOINT WARNING * * *
You feel yourself slow down. The hornet stings you!
* * * LOW HITPOINT WARNING * * *
You feel as though you will be slow longer.
The hornet stings you.
You die...
Your body crumbles into a pile of gold.

##. #.......(...........
#...#........#.......##.
#...#........#.........
#..#...##.##...........
###......##............#.
.##$..K.##.#............##
...$....K.....###>......
#$$......$.## #....
####K..y@...##....# .#####
#......#.......# ...#.##
#.....##...##.. ......###
#......##.##
........###..#.#....###
.....#..##...###......##
#....#.....#.##.<.......
#.........##.............
#.<))..#.####.###......#


You could see a hornet and 3 kobolds.

Vanquished Creatures
  The ghost of Urgle the Slasher, a novice GnRe of Cheibriados (D:5)
  Maggie (D:7)
  A hornet (D:7)
  Sigmund (D:2)
  A wyvern (D:7)
  A steam dragon (D:6)
  2 water moccasins
  Edmund (D:4)
  A sky beast (D:7)
  6 orc warriors
  3 ogres
  10 centaurs
  A kobold brigand (D:8)
  A phantom (D:5)
  A scorpion (D:7)
  A bullfrog (D:7)
  5 wights
  A killer bee (D:8)
  11 howler monkeys
  A jelly (D:5)
  2 hounds
  2 orc priests
  Crazy Yiuf (D:2)
  2 iguanas
  A sleepcap (D:6)
  Jessica (D:3)
  2 gnoll boudas
  Ijyb (D:3)
  Natasha (thrice) (D:2)
  5 orc wizards
  11 gnolls
  14 adders
  4 river rats (Sewer)
  A shadow imp (D:6)
  3 white imps
  3 ufetubi (D:5)
  2 worms
  2 dart slugs
  37 orcs
  12 bats
  8 endoplasms
  6 giant cockroaches
  9 goblins
  9 hobgoblins
  16 jackals
  5 quokkas
  13 ball pythons
  4 frilled lizards
  5 kobolds
  5 rats
240 creatures vanquished.

Vanquished Creatures (others)
  A wizard (D:8)
  A wight (D:6)
  A hound (D:6)
  An iguana (D:6)
4 creatures vanquished.

Grand Total: 244 creatures vanquished

Notes
Turn   | Place    | Note
-------+----------+-------------------------------------------
     0 | D:1      | spardeous the Felid Earth Elementalist began the quest for
                  | the Orb.
     0 | D:1      | Reached XP level 1. HP: 7/7 MP: 4/4
    77 | D:1      | Reached skill level 3 in Dodging
   208 | D:1      | Reached XP level 2. HP: 11/11 MP: 4/6
   649 | D:2      | Noticed Sigmund
   694 | D:2      | Found a faded altar of an unknown god.
   770 | D:2      | Noticed Natasha
   803 | D:2      | Killed Natasha
   804 | D:2      | Reached XP level 3. HP: 15/15 MP: 4/7
   990 | D:3      | Reached skill level 4 in Dodging
  1041 | D:3      | Reached skill level 1 in Fighting
  1207 | D:4      | Reached XP level 4. HP: 19/19 MP: 6/8
  1211 | D:4      | Learned a level 3 spell: Stone Arrow
  1414 | D:4      | Noticed Edmund
  2028 | D:4      | Found a snail-covered altar of Cheibriados.
  2363 | D:5      | Entered Level 5 of the Dungeon
  2370 | D:5      | Reached XP level 5. HP: 22/22 MP: 5/9
  2433 | D:5      | Noticed a phantom
  2457 | D:5      | Killed a phantom
  2458 | D:5      | Reached skill level 5 in Dodging
  2630 | D:5      | Found Unekhoni's Book Shoppe.
  2700 | D:5      | Found a runed translucent door.
  2703 | D:5      | Noticed Urgle's ghost (novice GnRe)
  2731 | D:5      | Reached skill level 6 in Dodging
  2731 | D:5      | Gained mutation: You are covered in thick fur. (AC +2)
                  | [Felid growth]
  2731 | D:5      | Reached XP level 6. HP: 25/25 MP: 3/10
  3260 | D:5      | Reached skill level 5 in Earth Magic
  3444 | D:5      | Reached skill level 7 in Dodging
  3458 | D:5      | Reached XP level 7. HP: 28/28 MP: 7/11
  3727 | D:6      | Found an ancient bone altar of Kikubaaqudgha.
  3821 | D:6      | Found a staircase to the Ecumenical Temple.
  3832 | Temple   | Entered the Ecumenical Temple
  3841 | Temple   | Became a worshipper of Gozag Ym Sagoz the Greedy
  3880 | D:6      | Noticed a steam dragon
  4074 | D:6      | Reached skill level 8 in Dodging
  4093 | D:6      | Found a glowing drain.
  4098 | Sewer    | Entered a sewer
  5089 | D:6      | Learned a level 4 spell: Petrify
  5143 | D:6      | Killed a steam dragon
  5144 | D:6      | Reached XP level 8. HP: 22/32 MP: 8/12
  5254 | D:6      | Reached skill level 9 in Dodging
  5966 | D:5      | Killed Urgle's ghost
  5967 | D:5      | Reached skill level 10 in Dodging
  6405 | D:4      | Killed Edmund
  6533 | D:3      | Reached skill level 1 in Conjurations
  6624 | D:3      | Found Assaphes's Weapon Shop.
  6672 | D:3      | Noticed Ijyb
  6677 | D:3      | Noticed Jessica
  6680 | D:3      | Killed Ijyb
  6709 | D:3      | Killed Jessica
  7459 | D:2      | Noticed Natasha
  7462 | D:2      | Killed Natasha
  7493 | D:2      | Found a runed translucent door.
  7494 | D:2      | Noticed Crazy Yiuf
  7524 | D:2      | Noticed Natasha
  7528 | D:2      | Killed Natasha
  7752 | D:2      | Killed Sigmund
  7753 | D:2      | Reached XP level 9. HP: 35/35 MP: 4/13
  8009 | D:2      | Killed Crazy Yiuf
  8807 | D:7      | Found a radiant altar of Vehumet.
  8915 | D:7      | Slain by a hornet
  8915 | D:7      | Paralysed by a hornet for 1 turns
  8916 | D:7      | Reached XP level 8. HP: -1/33 MP: 13/15
  8925 | D:7      | Paralysed by a hornet for 2 turns
  8930 | D:7      | Succumbed to a hornet's poison
  8931 | D:7      | Reached XP level 7. HP: 0/29 MP: 3/14
  8943 | D:7      | Found a flagged portal.
  9086 | Bailey   | Entered a bailey
  9509 | Bailey   | Reached XP level 8. HP: 34/34 MP: 8/16
  9770 | Bailey   | Reached skill level 5 in Spellcasting
 10422 | Bailey   | Reached skill level 5 in Fighting
 10761 | D:7      | Reached XP level 9. HP: 40/40 MP: 14/18
 11170 | D:7      | Reached skill level 5 in Conjurations
 11383 | D:7      | Noticed Maggie
 11391 | D:7      | Killed Maggie
 11946 | D:8      | Found a bloodstained altar of Trog.
 11947 | D:8      | Noticed a wizard
 11954 | D:8      | Killed a wizard
 12232 | D:8      | Paralysed by a hornet for 3 turns
 12234 | D:8      | Slain by a hornet

Illustrated notes

Levels and vault maps discovered:
D:1:      dpeg_arrival_arbitrary_b, layout_loops_ring, hangedman_decor_push,
          kennysheep_flooded_box, minmay_tetromino_i2
D:2:      layout_rooms, shapermc_ecumenical_altar_mp_highgroup,
          minmay_box_of_dots, uniq_sigmund, uniq_crazy_yiuf_cottage,
          uniq_natasha
D:3:      layout_basic, serial_shops, nicolae_square_shop,
          dreamdust_princess_corridor, uniq_ijyb, uniq_jessica
D:4:      layout_basic, nicolae_overflow_hidden_temple, chequers_big_river,
          uniq_edmund
D:5:      minmay_octagon_keep, layout_basic, serial_shops, shop,
          hellmonk_ghost_happy_afterlife
D:6:      layout_gridville, nicolae_kikubaaqudgha_miasma_corner,
          minmay_temple_entry_statues_pillars, portal_sewer_entry_e
D:7:      layout_basic, pf_just_have_faith, enter_bailey_7, kennysheep_potato,
          uniq_maggie
D:8:      layout_cave_pools, dk_yredelemnul_ordeal, trog_wizard, serial_demonic,
          serial_demonic_d, serial_demonic_f, serial_demonic_g,
          serial_demonic_g, uniq_grum
Temple:   nicolae_temple_no_exploring_needed

Skill      XL: |  1  2  3  4  5  6  7  8  9 |
---------------+----------------------------+-----
Dodging        | 3 4 6 7 8 10 | 10.2
Earth Magic    | 3 4 5 6 7 |  7.5
Fighting       | 1 3 5 |  5.3
Conjurations   | 3 5 |  5.7
Spellcasting   | 5 7 |  7.0
Stealth        | |  2.6
Transmutations | |  1.1

Action                     |  1- 3 |  4- 6 |  7- 9 || total
---------------------------+-------+-------+-------++-------
  Melee: Unarmed           |       |       |    15 ||    15
         Bite              |       |       |     3 ||     3
   Cast: Sandblast         |    50 |    89 |   285 ||   424
         Stone Arrow       |       |       |    79 ||    79
         Petrify           |       |       |     1 ||     1
    Use: Scroll            |       |       |     5 ||     5
         Potion            |       |       |     1 ||     1
   Stab: Petrified         |       |       |     6 ||     6
 Armour: Skin              |       |       |     7 ||     7
  Dodge: Dodged            |    17 |    39 |   228 ||   284

Table legend: (Time is in decaauts)
 A = Elapsed time spent in this place.
 B = Non-inter-level travel time spent in this place.
 C = Inter-level travel time spent in this place.
 D = Time resting spent in this place.
 E = Time spent auto-exploring this place.
 F = Levels seen in this place.
 G = Mean time per level.
                   A        B        C        D        E       F      G
               +--------+--------+--------+--------+--------+-----+--------+
         Total |  11247 |  10387 |    860 |    914 |   6805 |  11 | 1022.5 |
       Dungeon |   8570 |   7710 |    860 |    417 |   5360 |   8 | 1071.2 |
        Temple |     15 |     15 |      0 |      0 |      0 |   1 |   15.0 |
         Sewer |   1067 |   1067 |      0 |     19 |    756 |   1 | 1067.0 |
        Bailey |   1593 |   1593 |      0 |    477 |    688 |   1 | 1593.0 |
               +--------+--------+--------+--------+--------+-----+--------+

Top non-repeatable levels by time:
  Bailey: 1593 daAuts
     D:4: 1472 daAuts
     D:5: 1397 daAuts
     D:7: 1387 daAuts
     D:6: 1109 daAuts
   Sewer: 1067 daAuts
     D:3: 1015 daAuts
     D:2: 1008 daAuts
     D:1: 868 daAuts
     D:8: 312 daAuts
  Temple: 15 daAuts
